Map: Moonlight Madness LE (Void)

Players

AcerBly (Bly) - Winner!

  • Race: Zerg Zerg
  • League: Diamond

TheDoctor

  • Race: Protoss Protoss
  • League: Grandmaster

Event: Lycan League Weekly September #1

VOD

Have the link to the VOD?

Description

Time

  • Played on: Sept. 21, 2015, 2:04 p.m.
  • Length: 8:07

All games in this series

Show
View Real Time Build Order
Export as new Build Order

AcerBly Zerg - Winner!

Build Orders: Hatch First, Lurkers 

Get SALT Encoding   

  12  0:01  Drone  
  13  0:12  Drone  
  14  0:19  Overlord  
  14  0:25  Extractor  
  14  0:26  Drone  
  15  0:37  Drone x2  
  17  0:54  Hatchery  
  16  0:59  Drone x2  
  16  1:03  Extractor  
  17  1:16  Spawning Pool  
  16  1:19  Drone  
  16  1:21  Drone  
  18  1:27  Drone  
  19  1:38  Overlord  
  19  2:03  Queen  
  19  2:04  Metabolic Boost, Zergling x4  
  19  2:06  Queen  
  25  2:10  Zergling x2  
  25  2:13  Drone  
  27  2:18  Drone  
  28  2:26  Drone  
  28  2:27  Drone  
  30  2:34  Overlord  
  30  2:38  Drone  
  30  2:44  Drone  
  32  2:46  Queen  
  34  2:52  Drone  
  34  2:56  Drone  
  36  3:01  Drone  
  36  3:03  Lair  
  37  3:06  Drone, Extractor  
  37  3:11  Drone  
  38  3:16  Drone x4  
  38  3:17  Drone  
  38  3:18  Drone  
  44  3:22  Overlord  
  44  3:33  Overlord  
  44  3:34  Roach Warren  
  44  3:41  Extractor  
  42  3:42  Drone x4, Extractor  
  45  3:50  Overlord  
  45  4:02  Drone x2  
  47  4:04  Spire  
  47  4:08  Drone  
  47  4:18  Drone  
  47  4:19  Drone x5  
  53  4:31  Overlord  
  53  4:34  Hatchery  
  53  4:36  Roach x3  
  53  4:37  Roach  
  59  4:51  Drone  
  59  4:52  Drone x5  
  65  5:02  Hatchery  
  62  5:19  Evolution Chamber  
  61  5:21  Evolution Chamber  
  61  5:23  Mutalisk  
  61  5:24  Mutalisk x5  
  72  5:28  Mutalisk  
  72  5:29  Mutalisk  
  76  5:36  Spine Crawler  
  76  5:39  Spine Crawler  
  72  5:43  Overlord  
  72  5:47  Hydralisk Den  
  71  5:52  Drone x5  
  76  6:02  Lurker Den  
  76  6:03  Drone x2  
  76  6:04  Drone x5  
  83  6:12  Overlord  
  83  6:18  Overlord  
  83  6:30  Hydralisk x3  
  89  6:39  Hydralisk x4  
  96  6:48  Overlord  
  96  6:49  Overlord  
  96  7:16  Zergling x8  
  96  7:17  Zergling x8  
  102  7:24  Overlord  
  102  7:29  Lurker  
  106  7:30  Lurker x6  
  106  7:31  Spore Crawler, Overlord x2  
  106  7:32  Overlord  
  106  7:33  Spore Crawler  
  107  7:42  Overlord  
  111  7:47  Spine Crawler  
Show
View Real Time Build Order
Export as new Build Order

TheDoctor Protoss 

Build Orders: Nexus First, Oracle Opening 

Get SALT Encoding   

  12  0:00  Probe (Chrono Boost)  
  13  0:10  Probe (Chrono Boost)  
  14  0:18  Pylon  
  14  0:21  Probe (Chrono Boost)  
  15  0:36  Probe (Chrono Boost)  
  16  0:45  Probe (Chrono Boost)  
  17  0:58  Nexus  
  17  1:08  Gateway  
  17  1:10  Probe (Chrono Boost)  
  18  1:19  Assimilator  
  18  1:20  Probe (Chrono Boost)  
  18  1:24  Assimilator  
  19  1:30  Probe (Chrono Boost)  
  20  1:35  Pylon  
  20  1:40  Probe (Chrono Boost)  
  21  1:50  Probe (Chrono Boost)  
  22  1:57  Cybernetics Core  
  22  2:00  Probe (Chrono Boost), Zealot  
  25  2:09  Probe x2 (Chrono Boost)  
  27  2:17  Warp Gate (Chrono Boost)  
  27  2:19  Probe (Chrono Boost)  
  27  2:21  Probe (Chrono Boost)  
  29  2:29  Probe (Chrono Boost)  
  30  2:31  Probe (Chrono Boost)  
  31  2:39  Mothership Core (Chrono Boost)  
  31  2:40  Adept  
  36  2:44  Probe (Chrono Boost)  
  36  2:47  Pylon  
  36  2:56  Probe (Chrono Boost), Stargate  
  36  2:57  Probe (Chrono Boost)  
  38  3:07  Gateway  
  38  3:08  Gateway  
  38  3:10  Sentry  
  40  3:15  Pylon  
  40  3:19  Probe x2 (Chrono Boost)  
  42  3:27  Robotics Facility  
  42  3:31  Probe (Chrono Boost)  
  42  3:32  Probe (Chrono Boost)  
  44  3:37  Pylon  
  44  3:41  Probe (Chrono Boost)  
  44  3:43  Probe (Chrono Boost)  
  44  3:47  Oracle (Chrono Boost)  
  46  3:51  Probe  
  46  3:54  Assimilator  
  46  3:55  Probe, Assimilator  
  51  4:01  Probe  
  51  4:05  Pylon  
  52  4:12  Immortal (Chrono Boost)  
  52  4:16  Probe x2  
  58  4:29  Probe x2  
  60  4:31  Adept x2  
  60  4:32  Adept  
  66  4:39  Pylon  
  66  4:41  Probe  
  67  4:50  Phoenix  
  67  4:56  Probe x2  
  67  4:57  Stargate  
  71  5:02  Adept x3  
  77  5:11  Phoenix  
  77  5:20  Pylon  
  79  5:30  Gateway  
  79  5:31  Gateway  
  79  5:33  Gateway  
  79  5:37  Gateway  
  79  5:39  Phoenix (Chrono Boost)  
  79  5:40  Phoenix (Chrono Boost)  
  79  5:41  Pylon  
  83  5:49  Warp Prism  
  83  5:52  Probe  
  83  5:53  Pylon x2  
  83  5:55  Pylon  
  86  6:00  Phoenix (Chrono Boost)  
  86  6:01  Phoenix (Chrono Boost)  
  90  6:17  Adept  
  90  6:18  Adept x2  
  96  6:21  Phoenix x2 (Chrono Boost)  
  100  6:27  Pylon  
  100  6:41  Phoenix (Chrono Boost)  
  100  6:42  Phoenix (Chrono Boost)  
  104  6:50  Sentry, Adept x3  
  104  6:51  Adept x3  
  118  7:13  Adept  
  118  7:14  Adept x6  
  130  7:26  Phoenix (Chrono Boost)  
  130  7:27  Phoenix (Chrono Boost)  
  118  7:44  Stalker x2  
  118  7:45  Stalker x2  

Tags
 
Add a new tag
Caveats
  • Supply blocks, unpowered buildings, or Contaminate may cause inaccurate times.
  • Supply counts are checked every 10 seconds.